 Dungeon Crawl Stone Soup version 0.31-a0-164-g2312942fda (webtiles) character file.

Game seed: 6964735462235199785

6655 Anon1729 the Fighter (level 10, -10/91 HPs)
             Began as a Minotaur Monk on June 13, 2023.
             Was a Follower of Uskayaw.
             Mangled by a centaur warrior simulacrum (28 damage)
             ... on level 10 of the Dungeon.
             The game lasted 00:06:46 (8735 turns).

Anon1729 the Fighter (Minotaur Monk)                Turns: 8735, Time: 00:06:48

Health: -10/91     AC: 17    Str: 16    XL:     10   Next: 73%
Magic:  14/14      EV: 15    Int: 10    God:    Uskayaw [*.....]
Gold:   392        SH:  0    Dex: 17    Spells: 9/9 levels left

rFire   + . .        l - +1 short sword (drain)
rCold   . . .        d - orb {light}
rNeg    + . .        y - +3 ring mail of Quantum Leap {rN+ Int+3}
rPois   .            (helmet restricted)
rElec   .            v - +2 cloak
rCorr   .            (no gloves)
SInv    .            (no boots)
Will    .....        (no amulet)
Stlth   +            q - ring of protection from fire
HPRegen 0.35/turn    r - +4 ring of protection
MPRegen 0.14/turn

%: no passive effects
@: glowing, very slow
A: horns 2, retaliatory headbutt
a: Renounce Religion, Stomp


You were on level 10 of the Dungeon.
You worshipped Uskayaw.
Uskayaw was noncommittal.
You visited 2 branches of the dungeon, and saw 11 of its levels.

You collected 392 gold pieces.

Inventory:

Hand Weapons
 c - a +2 dagger of protection
 l - a +1 short sword of draining (weapon)
 C - a +4 short sword
Armour
 b - a +0 robe
 d - an orb of light (worn)
 m - a +0 chain mail
 v - a +2 cloak (worn)
 y - the +3 ring mail of Quantum Leap (worn) {rN+ Int+3}
   (You found it on level 7 of the Dungeon)

   Int:       It affects your intelligence (+3).
   rN:        It protects you from negative energy.
Jewellery
 p - a ring of magical power
 q - a ring of protection from fire (left hand)
 r - a +4 ring of protection (right hand)
Scrolls
 a - a scroll of immolation {unknown}
 e - a scroll of enchant weapon {unknown}
 g - 3 scrolls of amnesia
 h - 7 scrolls of teleportation
 j - a scroll of silence
 s - a scroll of poison
 t - a scroll of revelation {unknown}
 u - 3 scrolls of vulnerability
 w - 3 scrolls of fear
 A - 2 scrolls of brand weapon {unknown}
 D - a scroll of identify
Potions
 f - a potion of brilliance
 i - 2 potions of berserk rage {unknown}
 k - 2 potions of might {unknown}
 n - a potion of cancellation {unknown}
 o - 4 potions of mutation {unknown}
 x - a potion of magic {unknown}
 z - a potion of invisibility {unknown}
 B - a potion of attraction {unknown}
 E - a potion of curing


   Skills:
 + Level 9.6 Fighting
 + Level 8.8 Short Blades
 + Level 8.7 Armour
 + Level 8.7 Dodging
 + Level 7.2 Invocations


You had 9 spell levels left.
You didn't know any spells.
Your spell library contained the following spells:

 Spells                   Type           Power      Damage    Failure   Level
 Slow                     Hex            0%         N/A       54%         1
 Confusing Touch          Hex            0%         N/A       88%         3
 Vampiric Draining        Necr           0%         2d6       88%         3
 Manifold Assault         Tloc           0%         N/A       99%         4
 Petrify                  Tmut/Erth      0%         N/A       99%         4
 Summon Ice Beast         Ice/Summ       0%         N/A       99%         4
 Metabolic Englaciation   Hex/Ice        0%         N/A       100%        5
 Summon Mana Viper        Hex/Summ       0%         N/A       100%        5
 Dispersal                Tloc           0%         N/A       100%        6
 Statue Form              Tmut/Erth      0%         N/A       100%        6
 Monstrous Menagerie      Summ           0%         N/A       100%        7
 Disjunction              Tloc           0%         N/A       100%        8


Dungeon Overview and Level Annotations

Branches:
Dungeon (10/15)            Temple (1/1) D:6
   Lair: D:8-11         Orc: D:9-12

Altars:
Ashenzari
Cheibriados
Dithmenos
Fedhas
Gozag
Hepliaklqana
Makhleb
Nemelex Xobeh
Okawaru
Qazlal
Ru
Sif Muna
Trog
Uskayaw
Vehumet
Xom
Yredelemnul
Zin
The Shining One

Annotations:
D:9 2 transporters, exclusion: 2 oklob plants, bmj180's ghost, journeyman DECj


Innate Abilities, Weirdness & Mutations

You have a pair of horns on your head.
You reflexively headbutt those who attack you in melee.


Message History

The bolt of electricity hits you!
A centaur warrior simulacrum and an electric eel come into view.
You enter the shallow water.
Moving in this stuff is going to be slow.
The electric eel shoots out a bolt of lightning at you!
The bolt of electricity hits you.
The electric eel shoots out a bolt of lightning at you!
The bolt of electricity hits you.
Your unstable footing causes you to fumble your attack.
The electric eel shoots out a bolt of lightning at you!
The bolt of electricity hits you.
Your unstable footing causes you to fumble your attack.
You hit the electric eel. You drain the electric eel.
You headbutt the electric eel.
The electric eel is almost dead.
The electric eel shoots out a bolt of lightning at you!
The bolt of electricity hits you!
Your unstable footing causes you to fumble your attack.
The electric eel shoots out a bolt of lightning at you!
The bolt of electricity hits you!
The centaur warrior simulacrum hits you but does no damage.
The centaur warrior simulacrum kicks you but does no damage.
You hit the electric eel.
You kill the electric eel!
You hear a splash.
You hit the centaur warrior simulacrum.
The centaur warrior simulacrum is lightly damaged.
The centaur warrior simulacrum hits you.
The centaur warrior simulacrum freezes you!!
The centaur warrior simulacrum closely misses you.
The electric eel shoots out a bolt of lightning at you!
The bolt of electricity hits you.
* * * LOW HITPOINT WARNING * * *
You are too injured to fight recklessly!
There are monsters nearby!
Your unstable footing causes you to fumble your attack.
The centaur warrior simulacrum hits you.
* * * LOW HITPOINT WARNING * * *
The centaur warrior simulacrum freezes you!!
You die...

∩ ##....##
...~~...~~..####....##
..~....~~...# ###...#
#.~..∩.S~...# ##...
#.~~....~...# ##.#
#.~~..~~~...# #..#
#.~~~.~≈...# ##.##
#.~≈Z.~...# #..#
#.~~@.~...# ##..#
#..~≈~~..## #..##
##.~~~....# #..###
#........## ##†....
#......#..# ##......
##..####..###.......
##.#####..#..8.....
#.##......(.......
..............##..


You could see an electric eel and a centaur warrior simulacrum.

Vanquished Creatures
  A centaur warrior (D:9)
  Amaemon (D:7)
  An orange demon (D:8)
  Prince Ribbit (D:6)
  2 wraiths
  2 wyverns
  4 yaks
  A steam dragon (D:8)
  A water moccasin (D:6)
  2 orc warriors
  2 black bears
  4 ice beasts
  2 ogres
  2 centaurs
  A phantom (D:5)
  3 bullfrogs
  A gnoll sergeant (D:5)
  4 scorpions
  20 wights
  An electric eel (D:10)
  3 howler monkeys
  4 hounds
  Crazy Yiuf (D:3)
  3 jellies
  An orc priest (D:8)
  A gnoll bouda (D:5)
  3 iguanas
  5 orc wizards
  10 gnolls (D:5)
  9 adders
  5 white imps
  An ufetubus (D:5)
  7 worms
  4 dart slugs
  14 orcs
  7 bats
  5 endoplasms
  2 giant cockroaches
  3 hobgoblins
  2 jackals (D:3)
  6 quokkas
  5 ball pythons
  10 frilled lizards
  4 goblins
  6 kobolds
  3 rats
180 creatures vanquished.

Notes
Turn   | Place    | Note
-------+----------+-------------------------------------------
     0 | D:1      | Anon1729 the Minotaur Monk began the quest for the Orb.
     0 | D:1      | Reached XP level 1. HP: 19/19 MP: 0/0
   183 | D:1      | Reached XP level 2. HP: 27/27 MP: 1/1
   452 | D:1      | Reached skill level 1 in Armour
   702 | D:2      | Found a shimmering altar of Xom.
   846 | D:2      | Reached skill level 4 in Fighting
   896 | D:2      | Reached XP level 3. HP: 31/33 MP: 2/2
   898 | D:2      | Reached skill level 1 in Invocations
  1166 | D:3      | Reached XP level 4. HP: 40/40 MP: 4/4
  1208 | D:3      | Found a faded altar of an unknown god.
  1430 | D:3      | Found a runed translucent door.
  1431 | D:3      | Noticed Crazy Yiuf
  1817 | D:3      | Killed Crazy Yiuf
  2003 | D:4      | Noticed a black bear
  2008 | D:4      | Killed a black bear
  2009 | D:4      | Reached XP level 5. HP: 39/47 MP: 5/5
  2468 | D:4      | Reached XP level 6. HP: 48/55 MP: 6/6
  2560 | D:4      | Reached skill level 5 in Fighting
  3083 | D:5      | Entered Level 5 of the Dungeon
  3469 | D:5      | Reached XP level 7. HP: 58/61 MP: 8/8
  3643 | D:5      | Reached skill level 5 in Short Blades
  3646 | D:5      | Reached skill level 5 in Dodging
  3863 | D:5      | Reached skill level 6 in Fighting
  3894 | D:5      | Reached XP level 8. HP: 39/70 MP: 9/9
  3993 | D:5      | Found a shimmering altar of Xom.
  4269 | D:5      | Found a snail-covered altar of Cheibriados.
  4359 | D:5      | Reached skill level 5 in Armour
  4849 | D:6      | Reached skill level 7 in Fighting
  5001 | D:6      | Noticed Prince Ribbit
  5008 | D:6      | Killed Prince Ribbit
  5009 | D:6      | Reached skill level 5 in Invocations
  5140 | D:6      | Reached XP level 9. HP: 58/79 MP: 11/11
  5383 | D:6      | Found a staircase to the Ecumenical Temple.
  5393 | Temple   | Entered the Ecumenical Temple
  5456 | Temple   | Became a worshipper of Uskayaw the Reveller
  5456 | Temple   | Reached * piety under Uskayaw
  5534 | D:6      | Reached ** piety under Uskayaw
  5737 | D:6      | Reached *** piety under Uskayaw
  6141 | D:7      | Identified the +1 robe of the Loofah {Will- Str+2 Stlth+}
  6197 | D:7      | Reached **** piety under Uskayaw
  6208 | D:7      | Reached ***** piety under Uskayaw
  6383 | D:7      | Identified the +3 ring mail of Quantum Leap {rN+ Int+3}
  6483 | D:7      | Reached skill level 8 in Fighting
  7370 | D:8      | Noticed Amaemon
  7370 | D:8      | Noticed an orange demon
  7434 | D:7      | Killed Amaemon
  7435 | D:7      | Reached XP level 10. HP: 12/90 MP: 3/13
  7794 | D:8      | Killed an orange demon
  7932 | D:9      | Noticed an oklob plant
  7933 | D:9      | Noticed a catoblepas
  7935 | D:9      | Noticed an oklob plant
  7943 | D:9      | Noticed a skeletal warrior
  7951 | D:9      | Noticed a purple ugly thing
  7958 | D:9      | Noticed bmj180's ghost (journeyman DECj)
  8056 | D:9      | Noticed a two-headed ogre
  8057 | D:9      | Found a transporter.
  8062 | D:9      | Found a transporter.
  8110 | D:9      | Reached skill level 9 in Fighting
  8317 | D:9      | Noticed a centaur warrior
  8333 | D:9      | Killed a centaur warrior
  8644 | D:9      | Noticed a skeletal warrior
  8655 | D:10     | Entered Level 10 of the Dungeon
  8735 | D:10     | Mangled by a centaur warrior simulacrum

Illustrated notes

Levels and vault maps discovered:
D:1:      lightli_arrival_noodles, layout_loops_ring, nrook_campfire
D:2:      layout_basic, basic_altar, minmay_misc_feat_rows
D:3:      layout_loops_ring, ebering_ecumenical_altar_rust,
          uniq_crazy_yiuf_cottage
D:4:      wad_river_or_something, layout_basic, nicolae_elevator_lobby_asterisk
D:5:      kb_forest_paths, layout_basic, general_overflow_altar,
          marbit_many_paths, st_stairs_2
D:6:      layout_layer_cave, minmay_temple_entry_drinking_statues,
          minmay_strange_pillars, uniq_prince_ribbit1
D:7:      layout_basic, dk_noncrumbling_3
D:8:      layout_rooms, uniq_amaemon
D:9:      layout_irregular_city, elyvilon_altar_5, nzn_ghost_randoct
D:10:     layout_cave_pods, orc_0_dummy, serial_ice, serial_ice_i, serial_ice_a,
          serial_ice_f, serial_ice_o, serial_ice_n, serial_ice_d, serial_ice_c,
          kennysheep_generic_room_15
Temple:   compressed_dpeg_triangle_lava_temple

Skill      XL: |  1  2  3  4  5  6  7  8  9 10 |
---------------+-------------------------------+-----
Armour         | 1 2 3 4 6 7 8 |  8.7
Fighting       | 4 5 6 7 8 9 |  9.6
Invocations    | 1 2 3 5 6 7 |  7.2
Short Blades   | 4 5 6 7 8 |  8.8
Dodging        | 4 5 6 7 8 |  8.7

Action                     |  1- 3 |  4- 6 |  7- 9 | 10-12 || total
---------------------------+-------+-------+-------+-------++-------
  Melee: Short sword       |    83 |   107 |   335 |   143 ||   668
         Headbutt          |    17 |    32 |   107 |    50 ||   206
         Dagger            |       |     1 |       |       ||     1
 Invoke: Stomp             |       |       |     2 |       ||     2
         Line Pass         |       |       |     1 |       ||     1
    Use: Potion            |       |     1 |     3 |       ||     4
         Scroll            |       |       |     7 |       ||     7
   Stab: Paralysed         |       |       |     7 |    12 ||    19
 Armour: Robe              |    12 |    14 |    25 |       ||    51
         Chain mail        |       |       |    50 |       ||    50
         Ring mail         |       |       |    30 |    37 ||    67
  Dodge: Dodged            |    42 |    56 |   211 |    69 ||   378

Table legend: (Time is in decaauts)
 A = Elapsed time spent in this place.
 B = Non-inter-level travel time spent in this place.
 C = Inter-level travel time spent in this place.
 D = Time resting spent in this place.
 E = Time spent auto-exploring this place.
 F = Levels seen in this place.
 G = Mean time per level.
                   A        B        C        D        E       F      G
               +--------+--------+--------+--------+--------+-----+--------+
         Total |   8523 |   8168 |    355 |    553 |   6436 |  11 |  774.8 |
       Dungeon |   8447 |   8111 |    336 |    553 |   6391 |  10 |  844.7 |
        Temple |     76 |     57 |     19 |      0 |     45 |   1 |   76.0 |
               +--------+--------+--------+--------+--------+-----+--------+

Top non-repeatable levels by time:
     D:5: 1410 daAuts
     D:4: 1379 daAuts
     D:6: 1120 daAuts
     D:8: 959 daAuts
     D:3: 946 daAuts
     D:7: 860 daAuts
     D:9: 679 daAuts
     D:1: 673 daAuts
     D:2: 348 daAuts
  Temple: 76 daAuts
    D:10: 68 daAuts
